 Dungeon Crawl Stone Soup version 0.26.1-11-gd32895ea62 (webtiles) character file.

Game seed: 2459326272550227931

1179 Gabide the Spear-Bearer (level 8, -1/60 HPs)
             Began as a Human Gladiator on May 7, 2021.
             Was an Initiate of Ashenzari.
             Killed by divine providence
             ... invoked by an orc priest
              (11 damage)
             ... on level 6 of the Dungeon.
             The game lasted 00:13:26 (6177 turns).

Gabide the Spear-Bearer (Human Gladiator)           Turns: 6177, Time: 00:13:27

Health: -1/60      AC: 10    Str: 16    XL:     8   Next: 69%
Magic:  8/8        EV:  8    Int: 16    God:    Ashenzari [......]
Gold:   447        SH:  0    Dex: 14    Spells: 7/7 levels left

rFire    + . .     SeeInvis .   h - +0 scythe (protect)
rCold    . . .     Faith    .   (shield currently unavailable)
rNeg     . . .     Spirit   .   i - +0 chain mail
rPois    .         Reflect  .   c - +0 helmet
rElec    .         Harm     .   (no cloak)
rCorr    .         Rampage  .   (no gloves)
Will     .....                  (no boots)
Stlth    ..........             (no amulet)
HPRegen  0.20/turn              l - +6 ring of intelligence
MPRegen  0.11/turn              p - ring of protection from fire

@: no status effects
A: no striking features
a: Renounce Religion, Curse Item


You were on level 6 of the Dungeon.
You worshipped Ashenzari.
Ashenzari was noncommittal.
You visited 1 branch of the dungeon, and saw 6 of its levels.

You collected 447 gold pieces.

Inventory:

Hand Weapons
 h - a +0 scythe of protection (weapon)
Armour
 c - a +0 helmet (worn)
 i - a +0 chain mail (worn)
 q - a +2 leather armour of fire resistance
Jewellery
 l - a +6 ring of intelligence (left hand)
 p - a ring of protection from fire (right hand)
 s - an uncursed ring of flight
Scrolls
 a - a scroll of blinking
 m - 4 scrolls of teleportation
 o - 3 scrolls of remove curse
Potions
 b - 2 potions of attraction
 d - a potion of magic {unknown}
 e - a potion of cancellation
 f - 2 potions of mutation
 g - 3 potions of curing
 j - 2 potions of heal wounds
 k - a potion of brilliance {unknown}
 n - a potion of might {unknown}


   Skills:
 + Level 3.7 Fighting
 * Level 8.1 Polearms
 + Level 2.2 Throwing
 + Level 3.7 Armour
 + Level 3.9 Dodging
 + Level 1.6 Stealth


You had 7 spell levels left.
You didn't know any spells.
Your spell library contained the following spells:

 Spells                   Type           Power        Failure   Level
 Magic Dart               Conj           0%           99%         1
 Blink                    Tloc           N/A          99%         2
 Call Imp                 Summ           0%           99%         2
 Slow                     Hex            0%           99%         2
 Conjure Flame            Conj/Fire      0%           100%        3
 Mephitic Cloud           Conj/Pois/Air  0%           100%        3


Dungeon Overview and Level Annotations

Branches:
Dungeon (6/15)             Temple (0/1) D:4

Altars:
Ashenzari
Dithmenos
Elyvilon
Fedhas
Gozag
Hepliaklqana
Kikubaaqudgha
Makhleb
Okawaru
Qazlal
Vehumet
The Shining One


Message History

You are too injured to fight recklessly!
You are too injured to fight recklessly!
You hit the orc priest but do no damage.
The orc priest hits you but does no damage.
The orc warrior barely misses you. The orc priest completely misses you.
You closely miss the orc priest.
The orc warrior hits you but does no damage.
Your chain mail prevents you from hitting the orc priest.
The orc warrior hits you with a +1 dire flail of protection.
The orc priest looks encouraged for a moment.
The orc priest barely misses you.
The orc warrior hits you with a +1 dire flail of protection!
* * * LOW HITPOINT WARNING * * *
The orc priest barely misses you.
The orc priest hits you but does no damage.
Things that are here:
a +0 club; 3 gold pieces; an orc corpse The orc priest mumbles some strange prayers to Beogh against you.
Beogh smites you!
You die...

#### #.. #.# ##.# ..
#######o.## ..#
#.<.....o.######.####
#......)o.#.....>...
#.....)(@.(.......#
#........!#((.....# .#.
#$........#.......# .#.
#.........#.......# ...
###########.......####...
#......)).#..#
#.(.....#.#.#
#.......#...#
##########..###


You could see an orc warrior and 2 orc priests.

Vanquished Creatures
  Sigmund (D:3)
  A phantom (D:4)
  3 sky beasts
  2 centaurs
  A bullfrog (D:6)
  A scorpion (D:5)
  A jelly (D:5)
  A hound (D:5)
  An iguana (D:6)
  2 worker ants
  4 gnolls (D:6)
  10 adders
  An adder zombie (D:5)
  2 adder skeletons (D:4)
  4 dart slugs
  2 worms
  5 leopard geckos
  5 orcs
  6 giant cockroaches
  10 goblins
  9 hobgoblins
  4 quokkas (D:3)
  A ball python (D:3)
  9 bats
  7 frilled lizards
  12 kobolds
  7 rats
112 creatures vanquished.

Notes
Turn   | Place    | Note
-------+----------+-------------------------------------------
     0 | D:1      | Gabide the Human Gladiator began the quest for the Orb.
     0 | D:1      | Reached XP level 1. HP: 16/16 MP: 1/1
    84 | D:1      | Reached XP level 2. HP: 16/22 MP: 2/2
   367 | D:1      | Reached XP level 3. HP: 27/27 MP: 3/3
  1014 | D:2      | Reached XP level 4. HP: 32/34 MP: 4/4
  1049 | D:2      | Reached skill level 4 in Polearms
  1447 | D:2      | Reached skill level 1 in Armour
  2066 | D:3      | Reached XP level 5. HP: 39/39 MP: 5/5
  2189 | D:3      | Reached skill level 1 in Stealth
  2827 | D:3      | Found a broken altar of Ashenzari.
  2829 | D:3      | Found a glowing golden altar of the Shining One.
  2832 | D:3      | Found a radiant altar of Vehumet.
  2833 | D:3      | Found an ancient bone altar of Kikubaaqudgha.
  2833 | D:3      | Found an opulent altar of Gozag.
  2833 | D:3      | Found a blossoming altar of Fedhas.
  2833 | D:3      | Found a hazy altar of Hepliaklqana.
  2834 | D:3      | Found a burning altar of Makhleb.
  2835 | D:3      | Found a white marble altar of Elyvilon.
  2836 | D:3      | Found a stormy altar of Qazlal.
  2837 | D:3      | Found an iron altar of Okawaru.
  2844 | D:3      | Became a worshipper of Ashenzari the Shackled
  2929 | D:4      | Noticed Sigmund
  2959 | D:3      | Killed Sigmund
  2960 | D:3      | Reached skill level 5 in Polearms
  2960 | D:3      | Reached XP level 6. HP: 8/46 MP: 6/6
  3547 | D:4      | Noticed a sky beast
  3561 | D:4      | Killed a sky beast
  3562 | D:4      | Reached skill level 6 in Polearms
  3562 | D:4      | Reached XP level 7. HP: 19/51 MP: 7/7
  4243 | D:4      | Found a staircase to the Ecumenical Temple.
  4445 | D:5      | Entered Level 5 of the Dungeon
  4625 | D:5      | Found a shadowy altar of Dithmenos.
  4986 | D:5      | Reached skill level 7 in Polearms
  4986 | D:5      | Reached XP level 8. HP: 45/58 MP: 8/8
  5953 | D:6      | Reached skill level 8 in Polearms
  6177 | D:6      | Killed from afar by an orc priest

Illustrated notes

Levels and vault maps discovered:
D:1:      amcnicky_arrival_double_pillar, layout_basic, minmay_pentomino_u2
D:2:      layout_loops_ring
D:3:      layout_loops_ring, minitemple, minmay_surrounded
D:4:      layout_basic, minmay_temple_entry_enclosed_plants, uniq_sigmund
D:5:      layout_loops_ring, basic_altar, minivault_19
D:6:      layout_rooms

Skill      XL: |  1  2  3  4  5  6  7  8 |
---------------+-------------------------+-----
Polearms       | 4 5 6 7 8 |  8.1
Armour         | 1 2 3 |  3.7
Stealth        | 1 |  1.6
Fighting       | 3 |  3.7
Throwing       | |  2.2
Dodging        | |  3.9

Action                   |  1- 3 |  4- 6 |  7- 9 || total
-------------------------+-------+-------+-------++-------
Melee: Trident           |   113 |   174 |       ||   287
       Scythe            |       |    44 |   207 ||   251
Throw: Throwing net      |       |     7 |       ||     7
  Use: Scroll            |     1 |     4 |     9 ||    14
       Potion            |       |       |     2 ||     2
 Stab: Sleeping          |       |     5 |       ||     5
       Held in net/web   |       |     1 |       ||     1
Armor: Leather armour    |    34 |    35 |       ||    69
       Ring mail         |       |     3 |       ||     3
       Chain mail        |       |    43 |   167 ||   210
Dodge: Dodged            |    76 |   117 |   102 ||   295
